AoeStats
← Aralfiko

Arabia

510858468Analyzed
1v1 RM · 23h ago on Oct 2, 2026· 37m 58s· 2 players
Game mode
Random Map
Map size
Tiny (2 player)
Population
200
Speed
Normal
Resources
Standard
Victory
Conquest
Starting age
Dark Age
Ending age
Imperial Age
RankedLock teamsTeams togetherTeam positionsShared explorationLock speedFull tech treeHidden civsTurbo modeCheats
Victory
Defeat
🇲🇽 Turks · Mexico
1169
+14
🇦🇷 Magyars · Argentina
1132
-14
CARL09K
3:55 Loom
10:31 Feudal Age
28:04 Castle Age
33:23 Wheelbarrow
33:04 Scale Barding Armor
Aralfiko
1:17 Loom
9:45 Feudal Age
10:45 Man-at-Arms
26:35 Bloodlines
26:57 Double-Bit Axe
28:40 Scale Barding Armor
30:18 Forging
34:12 Castle Age
32:02 Horse Collar
32:32 Gold Mining
33:04 Scale Mail Armor
34:18 Long Swordsman
35:01 Husbandry
35:15 Arson
36:06 Chain Barding Armor
36:24 Iron Casting
37:49 Fletching
Connection lost

Rejoining the realm…

Still unreachable

The connection could not be restored.

Session expired

The server has moved on; the page needs a fresh start.